 Dungeon Crawl Stone Soup version 0.31-a0-986-g5e6e4ef867 (webtiles) character file.

Game seed: 15747450546268505145

223779 greenreed the Warrior (level 20, -2/176 HPs)
             Began as a Formicid Fighter on Nov 22, 2023.
             Was the Champion of Qazlal.
             Slain by a spark wasp (15 damage)
             ... on level 4 of the Spider Nest.
             The game lasted 01:55:26 (36463 turns).

greenreed the Warrior (Formicid Fighter)           Turns: 36463, Time: 01:55:27

Health: -2/176     AC: 32    Str: 28    XL:     20   Next: 4%
Magic:  14/21      EV:  9    Int:  6    God:    Qazlal [******]
Gold:   2448       SH: 30    Dex: 18    Spells: 14/19 levels left

rFire   x . .        P - +2 halberd (flame)
rCold   + . .        c - +2 kite shield {AC+3}
rNeg    + + +        K - +5 chain mail of Vehumet, Gazing {Will+ Regen+ MP-9 Dex+4}
rPois   +            (helmet unavailable)
rElec   .            I - +2 ratskin cloak {*Rats rPois rN+ Str-1 Int-1 Dex+1}
rCorr   +            q - +0 pair of gloves
SInv    +            J - +2 pair of boots
Will    ++++.        x - amulet of reflection Stlth
                     h - ring of flight
HPRegen 1.29/turn    E - ring "Horoez" {Ice rN++ Will+ rCorr Int-2}
MPRegen 0.17/turn

%: repel missiles, reflection
@: flying, studying Short Blades
A: permanent stasis, dig shafts and tunnels, antennae 3, four strong arms,
iridescent scales 1
}: 1/15 runes: decaying
a: Dig, Shaft Self, Renounce Religion, Upheaval, Elemental Force, Disaster Area


You were on level 4 of the Spider Nest.
You worshipped Qazlal.
Qazlal was exalted by your worship.
You visited 6 branches of the dungeon, and saw 31 of its levels.
You also visited: Bailey, Gauntlet and Volcano.

You collected 3175 gold pieces.
You spent 727 gold pieces at shops.

Inventory:

Hand Weapons
 A - the +5 trident of the Wraith {flame, Dex+2}
   (You took it off a spriggan on level 1 of the Lair of Beasts)

   Dex+2:     It affects your dexterity (+2).
 N - a +4 halberd
 P - a +2 halberd of flaming (weapon)
Missiles
 Q - 9 throwing nets
Armour
 c - a +2 kite shield of protection (worn)
 q - a +0 pair of gloves (worn)
 I - the +2 ratskin cloak (worn) {*Rats rPois rN+ Str-1 Int-1 Dex+1}
   (You found it on level 7 of the Dungeon)

   *Rats:     When the wearer is hurt, rats may emerge from it to assist them.
   Str-1:     It affects your strength (-1).
   Int-1:     It affects your intelligence (-1).
   Dex+1:     It affects your dexterity (+1).
   rPois:     It protects you from poison rN+: It protects you from negative
   energy.
 J - a +2 pair of boots (worn)
 K - the +5 chain mail of Vehumet, Gazing (worn) {Will+ Regen+ MP-9 Dex+4}
   (You found it on level 1 of the Swamp)

   Dex+4:     It affects your dexterity (+4).
   Will+:     It increases your willpower.
   MP-9:      It affects your magic capacity (-9).
   Regen+:    It increases your rate of health regeneration.
Jewellery
 b - a ring of fire
 h - a ring of flight (left hand)
 k - an amulet of guardian spirit
 p - a ring of wizardry
 x - an amulet of reflection (around neck)
 y - a ring of protection from cold
 E - the ring "Horoez" (right hand) {Ice rN++ Will+ rCorr Int-2}
   (You found it on level 12 of the Dungeon)

   [ring of ice]

   Ice:       It enhances your ice magic.
   Int-2:     It affects your intelligence (-2).
   rF-:       It makes you vulnerable to fire.
   rC+:       It protects you from cold.
   rN++:      It greatly protects you from negative energy.
   Will+:     It increases your willpower.
   rCorr:     It protects you from acid and corrosion.
 V - a ring of protection from fire
Wands
 a - a wand of paralysis (19)
 d - a wand of polymorph (4)
 O - a wand of mindburst (9)
 T - a wand of flame (27)
 W - a wand of digging (19)
 Z - a wand of roots (8)
Scrolls
 f - 6 scrolls of poison
 g - 7 scrolls of revelation
 l - 4 scrolls of immolation
 m - 11 scrolls of fog
 r - 3 scrolls of summoning
 s - 2 scrolls of enchant armour
 u - 10 scrolls of fear
 v - 2 scrolls of identify
 B - 2 scrolls of amnesia
 G - 3 scrolls of vulnerability
 L - a scroll of silence
 S - 5 scrolls of enchant weapon
 Y - 4 scrolls of brand weapon
Potions
 e - 4 potions of cancellation
 i - 12 potions of curing
 j - 3 potions of might
 n - a potion of degeneration {unknown}
 o - a potion of magic
 t - a potion of enlightenment
 z - 3 potions of mutation
 D - 2 potions of lignification
 F - 4 potions of heal wounds
 M - 3 potions of invisibility
 R - 5 potions of attraction
 X - 7 potions of resistance
Miscellaneous
 C - a condenser vane (inert)
 H - a phantom mirror
 U - a sack of spiders


   Skills:
 * Level 20.0 Fighting
 * Level 18.3 Polearms
 + Level 15.0 Armour
 + Level 17.5 Shields
 + Level 7.0 Ice Magic
 + Level 14.3 Invocations


You had 14 spell levels left.
You knew the following spells:

 Your Spells              Type           Power      Damage    Failure   Level
a - Freezing Cloud        Conj/Ice/Air   2%         6-21      100%        5

Your spell library contained the following spells:

 Spells                   Type           Power      Damage    Failure   Level
 Freeze                   Ice            48%        1d6       11%         1
 Frozen Ramparts          Ice            24%        1d4       32%         3
 Ensorcelled Hibernation  Hex/Ice        12%        N/A       56%         2
 Hailstorm                Conj/Ice       6%         3d4       80%         3
 Foxfire                  Conj/Fire      0%         2x1d4     88%         1
 Cigotuvi's Dreadful Rot  Necr/Pois/Air  0%         N/A       96%         2
 Jinxbite                 Hex            0%         N/A       96%         2
 Lesser Beckoning         Tloc           0%         N/A       96%         2
 Momentum Strike          Conj/Tloc      0%         3d8       96%         2
 Wereblood                Tmut           0%         N/A       96%         2
 Gell's Gravitas          Tloc           0%         N/A       99%         3
 Ignite Poison            Fire/Tmut/Pois 0%         N/A       99%         3
 Teleport Other           Tloc           0%         N/A       99%         3
 Volatile Blastmotes      Fire/Tloc      0%         2d10      99%         3
 Summon Ice Beast         Ice/Summ       6%         N/A       99%         4
 Anguish                  Hex/Necr       0%         N/A       100%        4
 Fulminant Prism          Conj/Hex       0%         3d5       100%        4
 Iskenderun's Mystic Bla  Conj/Tloc      0%         2d3       100%        4
 Manifold Assault         Tloc           0%         N/A       100%        4
 Petrify                  Tmut/Erth      0%         N/A       100%        4
 Sticky Flame             Conj/Fire      0%         2d3       100%        4
 Irradiate                Conj/Tmut      0%         3d11      100%        5
 Metabolic Englaciation   Hex/Ice        3%         N/A       100%        5
 Summon Forest            Summ/Tloc      0%         N/A       100%        5
 Summon Mana Viper        Hex/Summ       0%         N/A       100%        5
 Plasma Beam              Fire/Air       0%         2x1d10    100%        6
 Simulacrum               Ice/Necr       3%         N/A       100%        6
 Starburst                Conj/Fire      0%         6d3       100%        6
 Summon Cactus Giant      Summ           0%         N/A       100%        6
 Monstrous Menagerie      Summ           0%         N/A       100%        7
 Ignition                 Fire           0%         3d3       100%        8
 Blink                    Tloc           Unusable   N/A       N/A         2

Dungeon Overview and Level Annotations

Branches:
Dungeon (15/15)            Temple (1/1) D:6            Lair (5/5) D:8
  Swamp (4/4) Lair:2       Spider (4/4) Lair:3        Slime (0/5) Lair:4
    Orc (2/2) D:11            Elf (0/3) Orc:2        Vaults (0/5) D:14
 Depths (0/4) D:15         Bailey (visited)         Volcano (visited)
Gauntlet (visited)

Altars:
Ashenzari
Cheibriados
Dithmenos
Elyvilon
Fedhas
Gozag
Hepliaklqana
Kikubaaqudgha
Makhleb
Nemelex Xobeh
Okawaru
Qazlal
Ru
Sif Muna
Trog
Uskayaw
Vehumet
Wu Jian
Xom
Yredelemnul
Zin
The Shining One
Jiyva

Shops:
D:7 !   D:13 (   D:14 [   Orc:2 [:[(:


Innate Abilities, Weirdness & Mutations

You cannot be hasted, slowed, berserked, paralysed or teleported.
You can dig through walls and to a lower floor.
You have a pair of large antennae on your head. (SInv)
Your four strong arms can wield two-handed weapons with a shield.
You are partially covered in iridescent scales. (AC +2)


Message History

You block the emperor scorpion's attack.
The emperor scorpion closely misses you. x2
Okay, then.
Clouds condense from the air!
The condenser dries out!
The orb spider disappears in a puff of smoke!
You block the spark wasp's attack. You block the wolf spider's attack.
The wolf spider splashes around in the water.
You block the broodmother's attack.
You block the emperor scorpion's attack.
The emperor scorpion claws you but does no damage. x2
The wolf spider splashes around in the water.
The wolf spider barely misses you. The spark wasp stings you.
* * * LOW HITPOINT WARNING * * *
The spark wasp shocks you!
* * * LOW HITPOINT WARNING * * *
Unknown command.
Unknown command.
Unknown command.
Okay, then.
Activating: Elemental Force (0% risk of failure)
Press: ? - help, Dir - look around, f - activate Clouds arounds you coalesce and take form!
The jumping spider pounces on your water elemental.
The jumping spider bites your water elemental!
Send 'em back where they came from!
Your water elemental disappears in a puff of smoke!
Your earth elemental disappears in a puff of smoke! x2
Your water elemental disappears in a puff of smoke!
Your fire elemental disappears in a puff of smoke!
Your air elemental disappears in a puff of smoke!
Your water elemental disappears in a puff of smoke!
Your air elemental disappears in a puff of smoke!
You block the wolf spider's attack. x2
The emperor scorpion stings you but does no damage.
You block the emperor scorpion's attack.
The emperor scorpion claws you but does no damage.
The spark wasp stings you!
* * * LOW HITPOINT WARNING * * *
The spark wasp shocks you!
You die...

....#^..{{{#.)....#
... #..^.{{#s.....#
^. #.~...{#§.....#
##^....#s§§§..#
#.....#^...{#~§.§.^#
#.....#....^#....^.#
#.^..^#....~#.w.§~##
#^..^#..†.^#sys§^#
#....#.†..^#§@§§.#
#....#^....#ss§^~#
#~...........§§§.#
###.....†..........#
##.....†..........###
^##....###.^.#..###
....#..##.#..^.##
.#†.##..#..^##....
.†††#...#...#......


You could see a broodmother, an emperor scorpion, a steelbarb worm, a spark
wasp, 3 wolf spiders and a jumping spider (summoned).

Vanquished Creatures
  the Lernaean hydra (Swamp:4)
  Arachne (Spider:2)
  Jorgrun (Swamp:2)
  Mlioglotl (Spider:1)
  2 thorn hunters
  Frances (Spider:1)
  Roxanne (Swamp:2)
  Donald (Swamp:1)
  3 emperor scorpions
  2 ghost moths
  The ghost of Mahus the Bludgeoner, a journeyman GrBe of Trog (Swamp:3)
  2 stone giants
  3 eleionomae
  A spark wasp (Spider:3)
  The ghost of Gadrel the Tainter, a journeyman DsCA of Ignis (Lair:5)
  6 bunyips
  A minotaur (Gauntlet)
  An ettin (Orc:2)
  A shambling mangrove (Swamp:4)
  A great orb of eyes (D:14)
  3 entropy weavers
  A jorogumo (Spider:1)
  3 vault guards (D:14)
  A ghost crab (Swamp:3)
  2 ogre magi (Orc:2)
  3 radroaches
  11 two-headed ogres
  14 hydras
  3 centaur warriors
  11 alligators
  4 boulder beetles
  2 catoblepae
  2 death knights
  5 death yaks (Lair:5)
  The ghost of avis the Spry, a journeyman FeSh of Gozag (Lair:1)
  4 tengu warriors
  8 demonic crawlers
  3 spriggan berserkers
  2 soul eaters
  3 pharaoh ants
  A sun demon (D:13)
  5 sixfirhies
  2 skysharks (Lair:5)
  8 goliath frogs
  2 deep trolls (Orc:2)
  8 orb spiders
  21 swamp dragons
  6 spriggan druids
  15 skeletal warriors
  3 bog bodies
  2 arcanists
  2 necromancers (D:14)
  A deep elf archer (Volcano)
  Pikel (D:5)
  A shining eye (Gauntlet)
  2 steelbarb worms
  2 orc knights (D:15)
  8 deep elf pyromancers
  7 ugly things (D:15)
  An oklob plant (Lair:5)
  19 wolf spiders
  5 orc sorcerers
  5 will-o-the-wisps
  7 cyclopes
  A manticore (D:13)
  2 black mambas
  2 smoke demons (D:13)
  3 moths of wrath
  A rust devil (D:12)
  4 elephants (Lair:3)
  5 orange demons (D:13)
  3 torpor snails
  2 large abominations (Gauntlet)
  11 cane toads
  4 freezing wraiths
  5 komodo dragons
  3 unseen horrors
  3 rime drakes
  3 ice devils
  3 red devils (D:13)
  A tengu conjurer (D:13)
  12 trolls
  3 hellwings
  7 meliai
  10 polar bears
  8 hornets
  3 tyrant leeches
  27 tarantellas
  A glass eye (Gauntlet)
  8 dream sheep (Lair:5)
  3 raiju
  28 blink frogs
  19 culicivoras
  Sigmund (D:4)
  3 small abominations (Gauntlet)
  11 spriggans
  4 vampires
  31 jumping spiders
  43 yaks
  A centaur simulacrum (D:14)
  7 water elementals (D:15)
  3 wraiths
  9 wyverns
  15 slime creatures
  2 ynoxinuls (D:13)
  3 shadows
  5 fire elementals (Volcano)
  15 humans (D:14)
  52 redbacks
  2 steam dragons
  2 chaos spawn (D:13)
  7 wargs
  A neqoxec (D:13)
  Menkaure (D:7)
  18 vampire mosquitoes
  Edmund (D:4)
  5 basilisks
  10 swamp worms
  Duvessa (D:4)
  18 water moccasins
  18 hell hounds
  8 swamp drakes
  13 black bears
  A sky beast (D:8)
  4 ice beasts
  18 orc warriors
  23 ogres
  36 wolves
  7 centaurs
  A phantom (D:6)
  A kobold brigand (D:10)
  16 bullfrogs
  Blork the orc (D:4)
  13 gnoll sergeants
  30 wights
  Dowan (D:4)
  18 killer bees
  3 howler monkeys
  9 electric eels
  6 hounds
  4 jellies
  14 orc priests
  Crazy Yiuf (D:6)
  6 gnoll boudas
  2 lightning spires (Gauntlet)
  13 orc wizards
  33 gnolls
  6 adders
  2 shadow imps
  3 white imps
  2 ufetubi (D:5)
  2 worms (D:4)
  2 dart slugs
  76 orcs
  8 ball pythons
  8 endoplasms
  5 giant cockroaches
  14 goblins
  4 hobgoblins
  4 jackals (D:1)
  5 quokkas
  2 bats
  4 frilled lizards
  15 kobolds
  5 rats
1175 creatures vanquished.

Vanquished Creatures (collateral kills)
  A boulder beetle (D:13)
  A skeletal warrior (D:12)
  A will-o-the-wisp (Swamp:3)
  A moth of wrath (Spider:4)
  An elephant (Lair:3)
  A smoke demon (D:13)
  A vampire mosquito (D:14)
  A wolf (Lair:4)
  A wight (D:7)
  A gnoll bouda (Bailey)
10 creatures vanquished.

Vanquished Creatures (others)
  Sonja (Lair:3)
  A swamp dragon (Swamp:3)
  A wolf spider (Spider:4)
  2 hornets (Swamp:3)
  2 spriggans (Swamp:3)
  A wolf (Lair:5)
  12 foxfires
20 creatures vanquished.

Grand Total: 1205 creatures vanquished

Notes
Turn   | Place    | Note
-------+----------+-------------------------------------------
     0 | D:1      | greenreed the Formicid Fighter began the quest for the Orb.
     0 | D:1      | Reached XP level 1. HP: 18/18 MP: 1/1
   143 | D:1      | Reached XP level 2. HP: 24/24 MP: 2/2
   156 | D:1      | Found a faded altar of an unknown god.
   386 | D:1      | Reached XP level 3. HP: 30/30 MP: 3/3
  1100 | D:2      | Reached XP level 4. HP: 37/37 MP: 4/4
  1116 | D:2      | Reached skill level 4 in Fighting
  1798 | D:3      | Reached XP level 5. HP: 42/42 MP: 5/5
  2024 | D:4      | Noticed Sigmund
  2036 | D:4      | Killed Sigmund
  2037 | D:4      | Reached skill level 5 in Fighting
  2037 | D:4      | Reached skill level 5 in Shields
  2037 | D:4      | Reached XP level 6. HP: 26/51 MP: 6/6
  2268 | D:4      | Noticed Blork the orc
  2285 | D:4      | Killed Blork the orc
  2286 | D:4      | Reached XP level 7. HP: 25/56 MP: 7/7
  2728 | D:4      | Noticed Duvessa
  2739 | D:4      | Killed Duvessa
  2755 | D:4      | Noticed Dowan
  2765 | D:4      | Killed Dowan
  2766 | D:4      | Reached skill level 6 in Fighting
  2766 | D:4      | Reached skill level 5 in Polearms
  2852 | D:4      | Noticed Edmund
  2877 | D:4      | Killed Edmund
  2878 | D:4      | Reached XP level 8. HP: 48/64 MP: 8/8
  3045 | D:5      | Entered Level 5 of the Dungeon
  3090 | D:5      | Reached skill level 5 in Armour
  3946 | D:5      | Reached skill level 7 in Fighting
  4086 | D:6      | Noticed Pikel
  4104 | D:5      | Killed Pikel
  4105 | D:5      | Reached XP level 9. HP: 57/73 MP: 9/9
  4247 | D:6      | Reached skill level 8 in Fighting
  4678 | D:6      | Found a staircase to the Ecumenical Temple.
  4710 | Temple   | Entered the Ecumenical Temple
  4724 | Temple   | Became a worshipper of Qazlal Stormbringer
  5048 | D:6      | Identified the +9 hammer of Courage {freeze, Fly}
  5051 | D:6      | Identified the +9 hammer of Xom's Anger {heavy, rElec rF+
                  | rCorr SInv}
  5069 | D:6      | Found a runed translucent door.
  5070 | D:6      | Noticed Crazy Yiuf
  5084 | D:6      | Killed Crazy Yiuf
  5315 | D:7      | Found Odukerisu's Distillery.
  5324 | D:7      | Bought a potion of might for 56 gold pieces
  5324 | D:7      | Bought a potion of heal wounds for 70 gold pieces
  5324 | D:7      | Bought a potion of curing for 42 gold pieces
  5391 | D:7      | Reached skill level 1 in Invocations
  5576 | D:7      | Found the +2 ratskin cloak {*Rats rPois rN+ Str-1 Int-1
                  | Dex+1}
  5613 | D:7      | Found a burning altar of Makhleb.
  5617 | D:7      | Found a white marble altar of Elyvilon.
  5618 | D:7      | Found a hide-covered altar of Uskayaw.
  5619 | D:7      | Found a radiant altar of Vehumet.
  5620 | D:7      | Found a broken altar of Ashenzari.
  5636 | D:7      | Noticed Menkaure
  5650 | D:7      | Killed Menkaure
  5863 | D:7      | Reached XP level 10. HP: 82/82 MP: 11/11
  5876 | D:7      | Reached skill level 9 in Fighting
  5993 | D:7      | Reached * piety under Qazlal
  7169 | D:8      | Noticed a two-headed ogre
  7185 | D:8      | Killed a two-headed ogre
  7186 | D:8      | Reached skill level 10 in Fighting
  7352 | D:8      | Identified the +4 great sword of Watchfulness {elec, rPois
                  | SInv}
  7352 | D:8      | Noticed a tengu warrior
  7403 | D:8      | Killed a tengu warrior
  7404 | D:8      | Reached XP level 11. HP: 36/92 MP: 14/14
  7642 | D:8      | Found a staircase to the Lair.
  7963 | D:8      | Reached ** piety under Qazlal
  8249 | D:8      | Reached skill level 5 in Invocations
  8463 | D:8      | Identified the staff "Arcanum" {rF- rN+ Int+4 Dex+4 Necro}
  8757 | D:9      | Reached skill level 11 in Fighting
  8864 | D:9      | Reached *** piety under Qazlal
  9048 | D:9      | Reached skill level 10 in Polearms
  9437 | D:10     | Entered Level 10 of the Dungeon
  9636 | D:10     | Found a flagged portal.
  9643 | Bailey   | Entered a bailey
  9822 | Bailey   | Reached skill level 10 in Shields
 10067 | Bailey   | Reached **** piety under Qazlal
 10104 | Bailey   | Reached XP level 12. HP: 86/100 MP: 16/16
 10813 | D:10     | Noticed a skeletal warrior
 10814 | D:10     | Noticed a skeletal warrior
 10816 | D:10     | Noticed a skeletal warrior
 10835 | D:10     | Killed a skeletal warrior
 10862 | D:10     | Killed a skeletal warrior
 10880 | D:10     | Killed a skeletal warrior
 11154 | D:10     | Reached skill level 12 in Fighting
 11623 | D:10     | Found a hazy altar of Hepliaklqana.
 12121 | D:11     | Found a shimmering altar of Xom.
 12123 | D:11     | Found a hazy altar of Hepliaklqana.
 12123 | D:11     | Found a shimmering altar of Xom.
 12130 | D:11     | Found a bloodstained altar of Trog.
 12130 | D:11     | Found a glowing silver altar of Zin.
 12130 | D:11     | Found a shadowy altar of Dithmenos.
 12334 | D:11     | Found a staircase to the Orcish Mines.
 12909 | D:12     | Reached ***** piety under Qazlal
 12940 | D:12     | Noticed a two-headed ogre
 12946 | D:12     | Killed a two-headed ogre
 13149 | D:12     | Noticed a skeletal warrior
 13149 | D:12     | Noticed a skeletal warrior
 13155 | D:12     | Noticed a skeletal warrior
 13161 | D:12     | Noticed a skeletal warrior
 13179 | D:12     | Noticed a two-headed ogre
 13220 | D:11     | Killed a skeletal warrior
 13364 | D:12     | Reached XP level 13. HP: 109/109 MP: 18/18
 13608 | D:12     | Identified the ring "Horoez" {Ice rN++ Will+ rCorr Int-2}
 13630 | D:12     | Reached skill level 13 in Fighting
 14600 | D:12     | Reached skill level 10 in Armour
 15291 | D:13     | Found Keycowk's Weapon Shoppe.
 15417 | D:12     | Reached skill level 14 in Fighting
 15480 | D:13     | Reached XP level 14. HP: 102/120 MP: 20/20
 15639 | D:13     | Identified the +0 buckler "Hilel" {rN++ Str+5 Slay-2}
 15843 | D:13     | Found a stormy altar of Qazlal.
 16830 | D:14     | Identified the +1 battleaxe "Usecymn" {flame, Contam rPois
                  | rCorr}
 17453 | D:14     | Found a shimmering blue altar of Sif Muna.
 17590 | D:14     | Found Mufuaj's Antique Armour Boutique.
 17934 | D:14     | Reached skill level 15 in Fighting
 18257 | D:14     | Reached skill level 10 in Invocations
 18406 | D:14     | Found a gate to the Vaults.
 18573 | D:15     | Entered Level 15 of the Dungeon
 18593 | D:15     | Reached XP level 15. HP: 129/129 MP: 22/22
 18635 | D:15     | Noticed a stone giant
 18636 | D:15     | Found a staircase to the Depths.
 18667 | D:15     | Killed a stone giant
 19034 | D:15     | Found a radiant altar of Vehumet.
 19901 | Lair:1   | Entered Level 1 of the Lair of Beasts
 19979 | Lair:1   | Reached ****** piety under Qazlal
 20173 | Lair:1   | Reached skill level 16 in Fighting
 20392 | Lair:1   | Noticed avis's ghost (journeyman FeSh)
 20393 | Lair:1   | Found a runed translucent door.
 20393 | Lair:1   | Identified the +5 trident of the Wraith {flame, Dex+2}
 20471 | Lair:1   | Killed avis's ghost
 20554 | Lair:1   | Found a burning altar of Makhleb.
 21086 | Lair:2   | Found a staircase to the Swamp.
 21752 | Lair:3   | Reached XP level 16. HP: 130/139 MP: 20/24
 21835 | Lair:3   | Reached skill level 15 in Polearms
 21868 | Lair:3   | Noticed Sonja
 21876 | Lair:3   | Killed Sonja
 21939 | Lair:3   | Found a dark tunnel.
 21966 | Volcano  | Entered a volcano
 22525 | Lair:3   | Found a hole to the Spider Nest.
 23775 | Lair:4   | Found a staircase to the Slime Pits.
 23776 | Lair:4   | Found a viscous altar of Jiyva.
 24112 | Lair:5   | Entered Level 5 of the Lair of Beasts
 24143 | Lair:5   | Learned a level 5 spell: Freezing Cloud
 24205 | Lair:5   | Reached skill level 17 in Fighting
 24228 | Lair:5   | Reached skill level 15 in Shields
 24281 | Lair:5   | Noticed Gadrel's ghost (journeyman DsCA)
 24431 | Lair:5   | Identified the +5 war axe of the Onslaught {spect, rN+}
 25036 | Lair:5   | Found a transporter.
 25055 | Lair:5   | Reached skill level 1 in Ice Magic
 25128 | Lair:5   | Found a transporter.
 25669 | Lair:5   | Killed Gadrel's ghost
 25670 | Lair:5   | Reached XP level 17. HP: 107/148 MP: 26/26
 26008 | Orc:1    | Entered Level 1 of the Orcish Mines
 26217 | Orc:2    | Entered Level 2 of the Orcish Mines
 26411 | Orc:2    | Found Xyanak's Antique Armour Shoppe.
 26416 | Orc:2    | Found Laguop's Antique Weapon Emporium.
 26427 | Orc:2    | Found a staircase to the Elven Halls.
 26433 | Orc:2    | Found a gate leading to a gauntlet.
 26451 | Gauntlet | Entered a Gauntlet
 26451 | Gauntlet | Found a transporter.
 26451 | Gauntlet | Found a transporter.
 26803 | Gauntlet | Found a transporter.
 26803 | Gauntlet | Found a transporter.
 26803 | Gauntlet | Found a transporter.
 26815 | Gauntlet | Found a transporter.
 26817 | Gauntlet | Found a transporter.
 26829 | Gauntlet | Found a transporter.
 26835 | Gauntlet | Found a transporter.
 26854 | Gauntlet | Found a transporter.
 26856 | Gauntlet | Found a transporter.
 26870 | Gauntlet | Found a transporter.
 27079 | Gauntlet | Gained mutation: You do not regenerate when monsters are
                  | visible. [a shining eye]
 27100 | Gauntlet | Identified the +0 helmet "Nonaddepp" {-Cast Rampage rPois
                  | rN++}
 27428 | Gauntlet | Identified the ring "Ydahu" {rF- Str+7 Int+2 SInv}
 27477 | Gauntlet | Identified the ring of Rationality {rElec rPois Int-4 Dex+2
                  | SInv}
 27627 | Orc:2    | Found Wiugudd's Self-Improvement Boutique.
 27649 | Orc:2    | Found Pitocoa's Book Boutique.
 27677 | Orc:2    | Found Waphir's Antique Armour Emporium.
 27693 | Orc:2    | Bought a runed chain mail for 195 gold pieces
 27706 | Orc:2    | Bought a glowing halberd for 154 gold pieces
 27712 | Orc:2    | Bought a glowing chain mail for 210 gold pieces
 28373 | Orc:1    | Lost mutation: You do not regenerate when monsters are
                  | visible. [potion of mutation]
 28373 | Orc:1    | Gained mutation: You are frail. (-10% HP) [potion of
                  | mutation]
 28373 | Orc:1    | Lost mutation: You are frail. (-10% HP) [potion of
                  | mutation]
 28373 | Orc:1    | Gained mutation: You are partially covered in iridescent
                  | scales. (AC +2) [potion of mutation]
 28551 | Spider:4 | Identified the of Biofane
 28551 | Swamp:1  | Entered Level 1 of the Swamp
 28591 | Lair:2   | Reached skill level 18 in Fighting
 29075 | Swamp:1  | Noticed a thorn hunter
 29085 | Swamp:1  | Killed a thorn hunter
 29719 | Swamp:1  | Identified the +1 robe "Heoneuf" {+Blink Str+3 Archmagi}
 29787 | Swamp:1  | Identified the +5 chain mail of Vehumet, Gazing {Will+
                  | Regen+ MP-9 Dex+4}
 29965 | Swamp:2  | Noticed Donald
 29983 | Swamp:1  | Killed Donald
 29995 | Swamp:2  | Noticed a thorn hunter
 30045 | Swamp:2  | Killed a thorn hunter
 30061 | Swamp:2  | Reached XP level 18. HP: 153/157 MP: 18/27
 30084 | Swamp:2  | Identified the granite talisman of Impermeability {rN+}
 30084 | Swamp:2  | Noticed Roxanne
 30105 | Swamp:2  | Killed Roxanne
 30108 | Swamp:2  | Noticed Jorgrun
 30115 | Swamp:2  | Killed Jorgrun
 30216 | Swamp:2  | Identified the +5 quarterstaff of Bata {flame, rN+++ Str-4
                  | Dex+3 Stlth+}
 30928 | Swamp:3  | Found a runed translucent door.
 30943 | Swamp:3  | Noticed Mahus's ghost (journeyman GrBe)
 31162 | Swamp:3  | Identified the +8 chain mail "Heopouwk" {Int+3}
 31294 | Swamp:3  | Killed Mahus's ghost
 31373 | Swamp:4  | Entered Level 4 of the Swamp
 31452 | Swamp:4  | Reached skill level 5 in Ice Magic
 31529 | Swamp:4  | Noticed the 27-headed Lernaean hydra
 31546 | Swamp:4  | Killed the 18-headed Lernaean hydra
 31574 | Swamp:4  | Reached skill level 19 in Fighting
 31730 | Swamp:4  | Got a decaying rune of Zot
 32340 | Spider:1 | Entered Level 1 of the Spider Nest
 32453 | Spider:1 | Reached XP level 19. HP: 166/166 MP: 20/29
 32836 | Spider:1 | Noticed Mlioglotl
 32843 | Spider:1 | Noticed Frances
 32847 | Spider:1 | Killed Mlioglotl
 32857 | Spider:1 | Killed Frances
 32877 | Spider:1 | Identified the +0 leather armour "Idokai" {rElec Will+
                  | Dex+2}
 33416 | Spider:2 | Noticed Arachne
 33446 | Spider:2 | Killed Arachne
 35958 | Spider:4 | Entered Level 4 of the Spider Nest
 36295 | Spider:4 | Reached skill level 20 in Fighting
 36342 | Spider:4 | Reached XP level 20. HP: 151/176 MP: 21/30
 36394 | Spider:4 | Reached skill level 15 in Armour
 36458 | Spider:4 | HP: 8/176 [spark wasp (12)]
 36463 | Spider:4 | Slain by a spark wasp

Illustrated notes

Levels and vault maps discovered:
D:1:      ncdulo_watergridlock, layout_loops_ring,
          shapermc_ecumenical_altar_petra, chequers_serial_rivers_room_b
D:2:      layout_rooms, minmay_pentomino_t4
D:3:      layout_basic, kennysheep_generic_room_7
D:4:      layout_loops_cross, st_stairs_9, due_unseen_surprise,
          uniq_blork_the_orc, uniq_sigmund, uniq_edmund, uniq_duvessa
D:5:      layout_cave_pools, dreamdust_princess_corridor
D:6:      layout_cave_pods, minmay_temple_entry_mist, uniq_pikel,
          uniq_crazy_yiuf_cottage
D:7:      layout_cave_pods, grunt_temple_overflow_open, serial_shops,
          nicolae_shop_temple_entry_statues_fountains, uniq_menkaure
D:8:      nzn_winding_woodlands_cross [nzn_winding_woodlands_5x15_pool,
          nzn_winding_woodlands_5x15_sidewinder,
          nzn_winding_woodlands_5x15_pockets, nzn_winding_woodlands_5x15_parted,
          nzn_winding_woodlands_15x15_boxy_spiral], layout_basic,
          lair_entry_dummy
D:9:      layout_loops_cross, minivault_1, wad_floor_pattern_2,
          nicolae_kite_square_tiling_tiny
D:10:     layout_roguey, old_standard_altar, enter_bailey_3, kennysheep_dice
D:11:     layout_roguey, david_orc_5, minivault_14, doesnt_xom_only_xom
D:12:     layout_loops_ring, drop_trap
D:13:     layout_long_grid, serial_demonic, serial_demonic_g, serial_demonic_d,
          serial_demonic_e, serial_demonic_g, serial_demonic_f,
          serial_demonic_g, serial_demonic_d, serial_demonic_g,
          serial_demonic_e, serial_demonic_c, serial_shops, shop,
          nicolae_qazlal_scattered_showers
D:14:     minmay_ambush_box, layout_gridville, grunt_vaults_entry_tiered,
          serial_shops, shop, lemuel_blue_sif_altar
D:15:     grunt_enter_depths_giant_problem, layout_basic, vehumet_crystals
Temple:   compressed_dpeg_triangle_lava_temple
Lair:1:   layout_loops_ring, ebering_ghost_funeral_grove, basic_altar,
          grunt_megastairs_1, serial_bayou_shore_b
Lair:2:   layout_regular_city, mainiacjoe_swamp_entry_lozenge_pond,
          infiniplex_staircase_pool, serial_bayou_shore_b
Lair:3:   layout_regular_city, nicolae_spider_entry_tight_spaces,
          enter_volcano_4, lemuel_fruit_tree, grunt_megastairs_2, uniq_sonja
Lair:4:   layout_roguey, slime_entry_1, wad_woods_06, wad_woods_river_01
Lair:5:   hangedman_lair_caniforms_friends, layout_long_grid, nzn_ghost_randoct,
          serial_bayou, serial_bayou_crossing, serial_bayou_pond_a,
          serial_bayou_pond_c, serial_bayou_lake_a, serial_bayou_pond_e
Swamp:1:  layout_basic_swamp, evilmike_swamp_ruin_house_5, swamp_pool_1_2,
          nicolae_swamp_small_spring
Swamp:2:  layout_basic_swamp, nicolae_swamp_very_dense_foliage,
          st_swamp_ruins_2, uniq_jorgrun, uniq_donald, uniq_roxanne
Swamp:3:  layout_falls_marsh, ebering_ghost_reflecting_pool,
          nicolae_swamp_rocky_clearing
Swamp:4:  swamp_old_school, layout_basic_swamp, nicolae_swamp_tree_isthmus,
          infiniplex_staircase_pool_2
Spider:1: layout_spider_delve, hangedman_spider_tarantella_strand, uniq_frances,
          uniq_mlioglotl
Spider:2: layout_chambers, uniq_arachne
Spider:3: layout_chambers
Spider:4: grunt_spider_rune_parallel, uniq_mara
Orc:1:    layout_diamond_mine
Orc:2:    st_orc_open, layout_caves, gauntlet_entry_generic,
          nicolae_shop_self_help

Skill      XL: |  1  2  3  4  5  6  7  8  9 10 11 12 13 14 15 16 17 18 19 20 |
---------------+-------------------------------------------------------------+-----
Fighting       | 4 5 6 7 8 10 11 12 14 15 16 17 18 19 20 | 20.0
Polearms       | 3 4 5 6 7 9 10 11 12 13 14 15 16 17 18 | 18.3
Armour         | 4 5 6 7 8 9 10 11 12 13 14 15 | 15.0
Shields        | 5 6 7 9 10 11 12 13 14 15 16 17 | 17.5
Invocations    | 2 4 6 7 8 10 11 12 13 14 | 14.3
Ice Magic      | 1 4 5 7 |  7.0

Action                     |  1- 3 |  4- 6 |  7- 9 | 10-12 | 13-15 | 16-18 | 19-21 || total
---------------------------+-------+-------+-------+-------+-------+-------+-------++-------
  Melee: Trident           |   113 |   176 |   421 |   242 |    12 |       |       ||   964
         Halberd           |       |       |       |   706 |  1202 |  1543 |   722 ||  4173
  Throw: Dart              |       |       |     4 |     1 |     1 |       |       ||     6
 Invoke: Upheaval          |       |       |       |       |     8 |    11 |     1 ||    20
         Elemental Force   |       |       |       |       |       |       |     1 ||     1
         Disaster Area     |       |       |       |       |       |       |     1 ||     1
Ability: Dig               |       |       |       |     2 |       |     6 |       ||     8
  Evoke: Wand              |       |       |       |     2 |     4 |       |       ||     6
         Phantom mirror    |       |       |       |       |       |     1 |       ||     1
         Condenser vane    |       |       |       |       |       |       |     1 ||     1
    Use: Potion            |       |       |     1 |     3 |     2 |     1 |     3 ||    10
         Scroll            |       |       |       |       |    21 |     5 |     2 ||    28
   Stab: Invisible         |       |       |     2 |       |       |       |       ||     2
         Held in net/web   |       |       |       |     1 |       |       |       ||     1
         Distracted        |       |       |       |       |     3 |       |     1 ||     4
         Petrified         |       |       |       |       |     4 |       |       ||     4
 Armour: Scale mail        |    50 |    32 |       |       |       |       |       ||    82
         Chain mail        |       |    57 |   227 |   451 |   429 |   729 |   383 ||  2276
  Dodge: Dodged            |    44 |    48 |    75 |   176 |   119 |   245 |   167 ||   874
         Repelled          |       |       |       |       |     1 |     9 |     1 ||    11
  Block: Buckler           |    20 |    46 |   199 |   552 |    12 |       |       ||   829
         Reflection        |       |       |       |    15 |    51 |    31 |     4 ||   101
         Kite shield       |       |       |       |       |  1067 |  1587 |   985 ||  3639

Table legend: (Time is in decaauts)
 A = Elapsed time spent in this place.
 B = Non-inter-level travel time spent in this place.
 C = Inter-level travel time spent in this place.
 D = Time resting spent in this place.
 E = Time spent auto-exploring this place.
 F = Levels seen in this place.
 G = Mean time per level.
                   A        B        C        D        E       F      G
               +--------+--------+--------+--------+--------+-----+--------+
         Total |  35849 |  33749 |   2100 |   4076 |  21162 |  34 | 1054.4 |
       Dungeon |  19287 |  18065 |   1222 |   2820 |  10765 |  15 | 1285.8 |
        Temple |     28 |      2 |     26 |      0 |      0 |   1 |   28.0 |
          Lair |   6174 |   5777 |    397 |    497 |   3939 |   5 | 1234.8 |
         Swamp |   3054 |   2920 |    134 |     38 |   2106 |   4 |  763.5 |
   Spider Nest |   3929 |   3757 |    172 |     67 |   2739 |   4 |  982.2 |
  Orcish Mines |   1323 |   1176 |    147 |     49 |    855 |   2 |  661.5 |
        Bailey |    668 |    668 |      0 |    123 |    308 |   1 |  668.0 |
       Volcano |    331 |    331 |      0 |      0 |    165 |   1 |  331.0 |
      Gauntlet |   1051 |   1051 |      0 |    482 |    285 |   1 | 1051.0 |
               +--------+--------+--------+--------+--------+-----+--------+

Top non-repeatable levels by time:
    D:13: 2057 daAuts
     D:8: 1820 daAuts
    D:12: 1764 daAuts
  Lair:5: 1683 daAuts
    D:11: 1604 daAuts
  Lair:2: 1586 daAuts
    D:14: 1535 daAuts
     D:7: 1395 daAuts
Spider:2: 1342 daAuts
    D:10: 1341 daAuts
     D:6: 1299 daAuts
     D:5: 1194 daAuts
Spider:3: 1175 daAuts
    D:15: 1151 daAuts
  Lair:4: 1130 daAuts
